Map: Apotheose LE

Players

ZackmcHack - Winner!

  • Race: Zerg Zerg
  • League: Platinum

Squall

  • Race: Terran Terran
  • League: Platinum

VOD

Have the link to the VOD?

Description

1Base Pressure -> 2Base

Time

  • Played on: July 29, 2016, 4:53 a.m.
  • Length: 14:16
Show
View Real Time Build Order
Export as new Build Order

ZackmcHack Zerg - Winner!

Build Orders: Pool First 

Get SALT Encoding   

  12  0:18  Spawning Pool  
  11  0:21  Drone  
  11  0:26  Drone  
  13  0:35  Overlord  
  13  0:40  Drone  
  14  0:45  Extractor  
  14  0:47  Drone  
  14  0:54  Drone  
  15  1:04  Queen  
  15  1:08  Drone  
  18  1:15  Drone  
  19  1:26  Drone  
  19  1:31  Roach Warren  
  19  1:37  Drone  
  20  1:48  Overlord  
  20  1:58  Drone  
  21  2:12  Roach  
  21  2:13  Roach x3  
  29  2:22  Overlord  
  29  2:44  Roach  
  29  2:45  Roach x3  
  37  2:56  Overlord  
  37  3:17  Roach x4  
  45  3:22  Overlord  
  45  3:40  Overlord  
  45  3:51  Roach x4  
  53  4:03  Hatchery  
  53  4:06  Overlord  
  53  4:07  Drone  
  51  4:23  Roach x2  
  51  4:24  Roach  
  47  4:34  Roach  
  47  4:35  Roach  
  47  4:56  Roach x2  
  45  5:08  Zergling x4  
  45  5:09  Zergling x4  
  47  5:21  Queen  
  47  5:27  Drone x3  
  52  5:33  Lair  
  52  5:34  Drone  
  53  5:41  Drone  
  53  5:42  Drone x3  
  57  5:47  Drone x2  
  59  5:55  Drone  
  60  6:04  Metabolic Boost  
  60  6:07  Overlord  
  60  6:08  Drone  
  61  6:13  Drone  
  61  6:18  Overlord  
  62  6:20  Drone x3  
  62  6:21  Drone  
  62  6:25  Extractor  
  65  6:28  Queen  
  67  6:33  Spore Crawler  
  67  6:36  Spore Crawler  
  65  6:40  Overlord, Drone  
  65  6:41  Drone  
  65  6:42  Drone  
  68  7:06  Roach x4  
  68  7:07  Roach x3  
  82  7:17  Infestation Pit  
  80  7:26  Overseer  
  80  7:33  Extractor  
  80  7:35  Extractor  
  75  7:59  Overlord, Drone x3  
  75  8:00  Drone x7  
  75  8:01  Drone  
  86  8:07  Hive  
  86  8:14  Hatchery  
  85  8:29  Extractor  
  85  8:33  Extractor  
  83  8:48  Overlord  
  83  8:49  Roach x6, Spire  
  83  8:51  Infestor  
  96  9:16  Infestor  
  98  9:28  Overlord x3  
  98  9:29  Overlord x2, Drone  
  98  9:30  Drone x6  
  105  9:44  Overseer  
  105  9:45  Overseer  
  105  9:46  Overlord x2  
  105  9:47  Drone x3  
  105  9:52  Pneumatized Carapace  
  108  10:01  Roach x6  
  120  10:08  Corruptor, Infestor  
  120  10:09  Corruptor  
  126  10:17  Spine Crawler  
  126  10:19  Spore Crawler  
  126  10:20  Spine Crawler  
  123  10:34  Roach x2  
  123  10:35  Roach x4  
  134  10:50  Greater Spire  
  134  10:51  Corruptor  
  134  10:53  Overlord x2  
  107  11:24  Corruptor x4  
  107  11:25  Corruptor x2  
  113  11:31  Overlord x2  
  113  11:32  Drone x2  
  115  11:40  Drone x2  
  115  11:41  Drone x3  
  115  11:42  Drone  
  121  12:02  Brood Lord x3  
  121  12:03  Brood Lord  
  129  12:16  Queen  
  131  12:48  Hatchery  
  131  12:50  Brood Lord x2  
  134  12:53  Roach x4  
  134  12:54  Roach x8  
  158  13:05  Roach x3  
  164  13:06  Roach x2  
  154  13:51  Roach x7  
Show
View Real Time Build Order
Export as new Build Order

Squall Terran 

Build Orders: Reaper Expand 

Get SALT Encoding   

  12  0:01  SCV  
  13  0:13  SCV  
  14  0:18  Supply Depot  
  14  0:26  SCV  
  15  0:39  SCV  
  15  0:41  Barracks  
  16  0:44  Refinery  
  16  0:51  SCV  
  17  1:03  SCV  
  18  1:16  SCV  
  19  1:28  Orbital Command  
  19  1:29  Reaper  
  20  1:45  Command Center  
  21  1:54  SCV  
  21  1:56  Supply Depot  
  21  2:03  Marine  
  21  2:07  SCV  
  23  2:19  SCV  
  24  2:24  Factory  
  24  2:29  Barracks Reactor  
  24  2:31  Refinery  
  24  2:32  SCV  
  25  2:44  SCV  
  26  2:56  SCV  
  27  2:59  Orbital Command  
  27  3:08  SCV  
  27  3:09  Bunker  
  27  3:11  Factory Tech Lab  
  28  3:13  Marine x2, Starport  
  30  3:20  SCV  
  32  3:38  Marine x2  
  31  3:42  Siege Tank  
  34  3:56  Marine x2  
  34  4:02  Medivac  
  38  4:10  Supply Depot  
  38  4:11  Supply Depot  
  34  4:32  Marine x2, Orbital Command, SCV  
  34  4:33  Siege Tank  
  39  4:44  SCV  
  40  4:49  Marine  
  40  4:56  SCV  
  40  4:58  Marine  
  37  5:07  Marine  
  38  5:22  Supply Depot  
  38  5:24  SCV  
  38  5:26  Marine  
  40  5:39  SCV  
  40  5:40  Marine  
  42  5:43  Marine  
  42  5:46  Barracks  
  42  5:47  Liberator  
  43  5:51  SCV  
  43  5:53  Supply Depot  
  44  6:03  SCV  
  48  6:16  Supply Depot  
  48  6:17  Marine x2  
  50  6:19  Siege Tank  
  50  6:20  SCV  
  54  6:30  Supply Depot  
  54  6:33  SCV  
  54  6:35  Barracks Tech Lab, Bunker  
  55  6:41  Marine x2  
  57  7:01  SCV  
  57  7:02  Marine x3  
  57  7:06  Stimpack  
  61  7:09  Medivac  
  63  7:21  Marauder  
  63  7:22  Marine x2  
  67  7:32  Supply Depot  
  67  7:36  Orbital Command  
  67  7:40  Marine x2  
  68  7:52  SCV  
  72  7:58  Medivac, Siege Tank  
  74  8:06  Marine x2  
  74  8:09  Marine  
  77  8:28  SCV  
  77  8:30  Supply Depot  
  77  8:31  Marine x2, SCV  
  77  8:32  Marine, Engineering Bay  
  82  8:45  SCV  
  82  8:46  Barracks  
  82  8:48  Barracks  
  83  8:49  Marine, Barracks  
  83  8:50  Marauder  
  83  8:51  Refinery  
  83  8:53  Marine, Supply Depot  
  83  8:55  Supply Depot  
  87  8:57  Starport Reactor  
  87  8:58  SCV  
  87  8:59  SCV  
  87  9:02  Terran Infantry Weapons Level 1  
  89  9:07  Marine  
  89  9:09  Combat Shields  
  90  9:10  Supply Depot  
  90  9:11  Marine x2  
  90  9:14  Supply Depot  
  90  9:15  SCV  
  93  9:25  Marine  
  93  9:28  Marine  
  93  9:29  Marine  
  96  9:45  Marine x2  
  98  9:47  Barracks Reactor  
  98  9:49  SCV x2  
  100  9:53  Command Center  
  100  9:56  Supply Depot  
  100  9:59  Marine x3  
  103  10:01  SCV x2, Supply Depot  
  103  10:06  Marine x2  
  107  10:13  SCV  
  108  10:17  Marine x2, Marauder  
  112  10:43  Marine x2  
  112  10:44  Marine  
  112  10:45  Barracks Tech Lab x2  
  115  10:54  Marine x2  
  117  11:01  Marine  
  118  11:04  Marine x3  
  119  11:14  Marine  
  119  11:15  Marine, Marauder  
  103  11:24  Marine x2  
  98  11:27  Marine  
  98  11:28  Marine  
  98  11:30  Medivac x2  
  104  11:33  Supply Depot x2  
  104  11:35  Marine x2  
  104  11:37  Supply Depot  
  104  11:38  Marine  
  104  11:39  Supply Depot  
  107  11:42  Marine, Liberator  
  107  11:45  Concussive Shells  
  108  11:48  Marine x3  
  111  12:00  Supply Depot  
  111  12:01  SCV x2  
  116  12:10  Marine x4  
  116  12:13  SCV  
  121  12:25  Marine  
  121  12:26  Marine x2  
  124  12:31  Supply Depot  
  124  12:42  Marine x3  
  108  12:48  Marine x2  
  99  12:54  Marine x2  
  101  13:03  Marine x3  
  101  13:05  Medivac x2  
  108  13:13  Orbital Command  
  98  13:45  Marine  
  98  13:46  Marine x3, Marauder  
  100  13:50  Marine x2  
Tags
 
Add a new tag
Caveats
  • Supply blocks, unpowered buildings, or Contaminate may cause inaccurate times.
  • Supply counts are checked every 10 seconds.